Map: Bel'Shir Vestige LE (Void)

Players

Nerchio

  • Race: Zerg Zerg
  • Spawn Location: 5:00

Impact - Winner!

  • Race: Zerg Zerg
  • Spawn Location: 11:00

Event: IEM XI Katowice - World Championship 2017

VOD

Have the link to the VOD?

Description

Time

  • Played on: Feb. 28, 2017, 6:06 a.m.
  • Length: 9:45

All games in this series

Show
View Real Time Build Order
Export as new Build Order

Nerchio Zerg 

Build Orders: Hatch First 

Get SALT Encoding   

  12  0:00  Drone  
  13  0:12  Overlord  
  13  0:17  Drone  
  14  0:30  Drone x2  
  14  0:34  Drone  
  17  0:52  Hatchery  
  17  0:54  Drone  
  17  0:58  Drone  
  18  1:05  Extractor  
  17  1:12  Spawning Pool  
  17  1:15  Drone  
  17  1:19  Drone  
  18  1:28  Drone  
  19  1:38  Overlord  
  19  1:49  Drone  
  20  1:58  Queen  
  20  2:00  Zergling x2  
  23  2:03  Queen  
  23  2:04  Zergling x2  
  26  2:10  Metabolic Boost  
  26  2:14  Zergling x2  
  26  2:15  Zergling x2  
  28  2:21  Drone  
  29  2:27  Baneling Nest  
  28  2:34  Drone x2  
  30  2:38  Drone  
  31  2:44  Queen  
  31  2:51  Overlord  
  33  3:02  Drone x2  
  35  3:11  Baneling x3  
  35  3:12  Zergling x2  
  35  3:13  Zergling x8  
  39  3:20  Queen  
  39  3:24  Overlord  
  41  3:27  Drone  
  41  3:31  Drone  
  41  3:32  Drone  
  42  3:37  Drone x2  
  42  3:40  Drone  
  43  3:53  Drone x3  
  46  3:59  Hatchery  
  46  4:01  Drone  
  46  4:02  Drone  
  47  4:09  Drone x3  
  50  4:11  Drone  
  50  4:12  Drone  
  50  4:16  Overlord  
  52  4:19  Overlord  
  52  4:28  Roach Warren  
  52  4:29  Overlord, Extractor  
  50  4:36  Drone x5  
  55  4:38  Drone  
  55  4:45  Zergling x2  
  56  4:47  Lair  
  56  4:48  Zergling x2  
  56  4:49  Evolution Chamber  
  56  4:54  Zergling x2  
  57  5:01  Extractor x2  
  57  5:02  Zergling x2  
  57  5:04  Drone  
  57  5:06  Queen  
  59  5:07  Overlord  
  59  5:09  Drone x3  
  61  5:22  Zergling x2  
  61  5:23  Zergling x6  
  61  5:25  Zergling x2  
  61  5:26  Zergling x2, Zerg Missile Weapons Level 1  
  61  5:27  Zergling x4  
  69  5:33  Overlord  
  64  5:43  Drone  
  64  5:44  Drone  
  64  5:45  Glial Reconstitution  
  64  5:47  Infestation Pit  
  64  5:48  Roach x4  
  72  5:55  Drone x4  
  75  6:01  Roach x2  
  74  6:06  Drone x2  
  74  6:08  Zergling x6  
  79  6:12  Zergling x2  
  79  6:17  Overlord  
  77  6:21  Spore Crawler  
  77  6:22  Spore Crawler  
  77  6:23  Spore Crawler  
  77  6:25  Drone x2  
  76  6:26  Drone x3  
  76  6:28  Drone  
  76  6:31  Spore Crawler  
  78  6:35  Queen  
  78  6:37  Drone  
  78  6:38  Drone x2  
  83  6:41  Drone  
  83  6:42  Drone  
  83  6:45  Overlord  
  85  6:47  Burrow  
  85  6:51  Overlord  
  85  6:53  Overlord  
  85  6:55  Overlord  
  85  6:57  Overlord  
  85  7:09  Extractor x2  
  85  7:10  Infestor x3  
  85  7:11  Infestor x2  
  85  7:14  Drone x3  
  85  7:15  Drone  
  97  7:17  Drone x2  
  97  7:18  Drone  
  100  7:29  Roach x4  
  105  7:36  Roach x3  
  109  7:40  Drone  
  109  7:41  Drone x3  
  111  7:47  Overlord x2  
  111  7:49  Zergling x4  
  111  7:51  Overlord  
  113  7:53  Overlord  
  113  7:55  Overlord  
  113  7:57  Overlord  
  112  8:06  Unknown  
  112  8:13  Hydralisk Den  
  112  8:15  Roach, Ravager x3  
  112  8:16  Roach x7  
  130  8:26  Roach x2  
  134  8:28  Roach  
  134  8:32  Roach  
  133  8:36  Roach x2  
  133  8:38  Roach x3  
  133  8:39  Roach x2  
  132  8:42  Roach x2  
  132  8:44  Roach x2  
  132  8:46  Roach  
  132  8:47  Roach  
  132  8:48  Roach  
  128  8:52  Roach x2  
  111  8:56  Roach  
  111  8:58  Roach  
  111  8:59  Roach  
  110  9:02  Roach  
  110  9:07  Roach x2  
  110  9:08  Roach  
  103  9:11  Roach  
  103  9:14  Roach  
  90  9:20  Drone x3  
  90  9:21  Drone  
  84  9:31  Drone  
  77  9:33  Drone x2  
Show
View Real Time Build Order
Export as new Build Order

Impact Zerg - Winner!

Build Orders: Pool First 

Get SALT Encoding   

  12  0:00  Drone  
  13  0:12  Overlord  
  13  0:17  Drone  
  14  0:30  Drone x2  
  14  0:35  Drone  
  17  0:44  Extractor  
  17  0:45  Spawning Pool  
  17  0:49  Drone  
  16  0:55  Drone  
  17  1:06  Drone  
  18  1:18  Hatchery  
  17  1:22  Drone  
  18  1:32  Zergling x2  
  19  1:36  Queen  
  21  1:41  Drone  
  21  1:46  Metabolic Boost  
  22  1:53  Overlord  
  22  2:04  Baneling Nest  
  22  2:05  Drone  
  22  2:13  Queen  
  24  2:17  Drone  
  24  2:22  Drone  
  26  2:30  Drone  
  26  2:32  Drone  
  28  2:41  Drone  
  29  2:45  Zergling x2  
  29  2:46  Zergling x6  
  29  2:50  Baneling x2  
  33  2:52  Zergling x2  
  33  2:58  Overlord  
  34  3:02  Drone  
  35  3:10  Drone  
  35  3:15  Lair, Overlord  
  35  3:16  Drone  
  35  3:18  Zergling x2  
  37  3:22  Baneling  
  37  3:27  Drone  
  37  3:33  Drone  
  38  3:39  Extractor  
  38  3:40  Drone x2  
  38  3:43  Drone  
  38  3:46  Drone  
  40  3:49  Zergling x2  
  40  3:52  Extractor  
  38  3:56  Baneling x2, Drone x3  
  38  3:59  Drone  
  38  4:00  Zergling x2  
  43  4:03  Drone  
  43  4:04  Drone  
  43  4:09  Zergling x4  
  47  4:10  Zergling x2  
  47  4:13  Drone  
  49  4:21  Overlord x2  
  49  4:25  Extractor  
  49  4:27  Spire  
  49  4:29  Overlord  
  46  4:41  Drone  
  46  4:42  Drone x3  
  46  4:45  Drone  
  51  4:51  Drone x2  
  53  4:55  Drone  
  53  4:57  Hatchery, Drone x2  
  55  5:02  Drone  
  55  5:03  Drone  
  55  5:06  Zergling x2  
  58  5:11  Zergling x2  
  58  5:12  Zergling x2  
  60  5:21  Zergling x8  
  60  5:26  Baneling  
  59  5:30  Overlord  
  59  5:32  Overlord  
  59  5:49  Mutalisk x4  
  67  5:50  Overlord  
  67  5:52  Zerg Flyer Weapons Level 1  
  67  5:54  Mutalisk  
  67  5:56  Mutalisk  
  70  6:01  Queen  
  71  6:05  Mutalisk  
  71  6:08  Roach Warren  
  71  6:09  Evolution Chamber, Drone  
  74  6:11  Drone  
  74  6:13  Mutalisk  
  74  6:16  Drone  
  76  6:20  Drone x3  
  79  6:26  Overlord  
  79  6:27  Extractor  
  79  6:30  Drone x2  
  79  6:31  Drone  
  82  6:35  Zerg Missile Weapons Level 1  
  80  6:47  Glial Reconstitution  
  80  6:48  Roach x8  
  80  6:53  Roach  
  80  6:54  Baneling  
  98  6:55  Overlord x2  
  98  6:58  Overlord  
  98  7:04  Baneling x2  
  97  7:08  Overlord x2  
  97  7:14  Roach x5  
  107  7:16  Roach  
  107  7:18  Overseer  
  107  7:20  Roach  
  107  7:22  Roach  
  113  7:24  Roach  
  113  7:25  Overlord  
  115  7:31  Roach  
  115  7:32  Roach x2  
  115  7:35  Overlord  
  120  7:37  Overlord  
  120  7:40  Roach  
  120  7:41  Roach  
  120  7:44  Roach x2  
  128  7:48  Roach x2  
  132  7:51  Baneling x2  
  132  7:52  Roach  
  132  7:56  Roach x2  
  132  7:58  Roach  
  140  8:04  Roach x3  
  144  8:08  Roach  
  144  8:09  Roach  
  144  8:11  Zergling x6  
  151  8:13  Zergling x2  
  151  8:14  Zergling x2  
  151  8:15  Ravager x2  
  151  8:17  Zergling x2  
  157  8:20  Zergling x4  
  157  8:23  Zergling x2, Ravager  
  157  8:25  Ravager  
  161  8:28  Overlord  
  161  8:29  Overlord  
  158  8:39  Roach  
  158  8:40  Roach x5  
  150  8:44  Roach  
  150  8:45  Roach x2  
  150  8:48  Roach  
  143  8:52  Roach  
  139  8:58  Roach x2  
  139  9:01  Roach x3  
  140  9:06  Roach x2  
  134  9:10  Roach x2  
  134  9:13  Roach  
  125  9:17  Roach x2  
  125  9:21  Extractor, Drone x4  
  125  9:23  Extractor  

Tags
 
Add a new tag
Caveats
  • Supply blocks, unpowered buildings, or Contaminate may cause inaccurate times.
  • Supply counts are checked every 10 seconds.